 Dungeon Crawl Stone Soup version 0.30-a0-219-gf2db51d15e (webtiles) character file.

Game seed: 16554199526719109812

95 KennySheep the Vexing (level 4, -2/25 HPs)
             Began as a Deep Elf Hexslinger on Oct 7, 2022.
             Slain by a hobgoblin
             ... wielding a +2 trident of protection
              (8 damage)
             ... on level 2 of the Dungeon.
             The game lasted 00:03:47 (1437 turns).

KennySheep the Vexing (Deep Elf Hexslinger)         Turns: 1437, Time: 00:03:47

Health: -2/25      AC:  4    Str:  7    XL:     4   Next: 40%
Magic:  6/9        EV: 13    Int: 18    God:
Gold:   30         SH:  0    Dex: 17    Spells: 3/7 levels left

rFire   . . .      SeeInvis .    a - +1 sling
rCold   . . .      Faith    .    (no shield)
rNeg    . . .      Spirit   .    c - +0 robe
rPois   .          Reflect  .    (no helmet)
rElec   .          Harm     .    (no cloak)
rCorr   .          Rampage  .    (no gloves)
Will    .....                    h - +1 pair of boots
Stlth   ++........               (no amulet)
HPRegen 0.24/turn                (no ring)
MPRegen 0.11/turn                (no ring)

@: no status effects
A: no striking features
a: no special abilities


You were on level 2 of the Dungeon.
You visited 1 branch of the dungeon, and saw 2 of its levels.

You collected 30 gold pieces.

Inventory:

Hand Weapons
 a - a +1 sling (weapon)
Armour
 c - a +0 robe (worn)
 d - an orb of mayhem
 h - a +1 pair of boots (worn)
Scrolls
 b - a scroll of poison
 e - a scroll of summoning {unknown}
 f - a scroll of silence {unknown}
 i - a scroll of enchant weapon {unknown}
 k - a scroll of fog {unknown}
 l - 2 scrolls of identify {unknown}
 m - 3 scrolls of magic mapping {unknown}
Potions
 g - 2 potions of curing {unknown}
 j - a potion of cancellation {unknown}
 n - 2 potions of resistance {unknown}


   Skills:
 + Level 1.4 Fighting
 * Level 3.9 Ranged Weapons
 + Level 3.0 Dodging
 + Level 1.6 Stealth
 + Level 2.2 Spellcasting
 * Level 4.9 Hexes


You had 3 spell levels left.
You knew the following spells:

 Your Spells              Type           Power      Damage    Failure   Level
a - Slow                  Hex            76%        N/A       2%          1
b - Portal Projectile     Hex/Tloc       20%        N/A       19%         3

Your spell library contained the following spells:

 Spells                   Type           Power      Damage    Failure   Level
 Inner Flame              Hex/Fire       10%        N/A       19%         3
 Cause Fear               Hex            9%         N/A       24%         4


Dungeon Overview and Level Annotations

Branches:
Dungeon (2/15)

Altars:


Message History

You shoot a sling bullet.
The sling bullet closely misses the adder.
The adder completely misses you.
You shoot a sling bullet. The sling bullet hits the adder.
The adder is severely wounded.
The adder completely misses you. The adder bites you.
You shoot a sling bullet.
The sling bullet barely misses the adder.
You hear a shout!
The adder closely misses you.
You hear a shout!
You shoot a sling bullet.
The sling bullet closely misses the adder.
A hobgoblin comes into view.
It is wielding a +2 trident of protection.
The adder completely misses you.
You shoot a sling bullet. The sling bullet misses the adder.
A giant cockroach comes into view.
The adder barely misses you.
You shoot a sling bullet. The sling bullet hits the adder.
The adder is severely wounded.
The adder barely misses you.
You shoot a sling bullet. The sling bullet hits the adder.
The adder is almost dead.
The adder closely misses you.
You shoot a sling bullet. The sling bullet hits the adder!
You kill the adder!
The giant cockroach waves its antennae.
Your Dodging skill increases to level 3!
You shoot a sling bullet. The sling bullet hits the hobgoblin!
You kill the hobgoblin!
The hobgoblin hits you from afar with a +2 trident of protection!
The hobgoblin throws a stone.
The stone hits you.
* * * LOW HITPOINT WARNING * * *
The hobgoblin seems to slow down.
Aiming: Slow (safe; 2% risk of failure)
Press: ? - help, Q - select action, (/) - cycle Shift-Dir - straight line, f - giant cockroach, p - hobgoblin
Aim: a giant cockroach (chance to affect: 75%)
The hobgoblin seems to slow down.
The hobgoblin hits you from afar with a +2 trident of protection!
You die...

##†.######. #.....# ##
#.....# # .. ##†...# # .
####...## # ..
.##...##### #
....#####..#..##...#####
....Bg†.##.##.###.......
#@##.######...####
#....# #..#...# #....#
##.....# ####.##.##
###...# #....##..# #...#
#.######.#####...# #.#
#.........# #.#
#######...## ###.####
#....###


You could see a giant cockroach and a hobgoblin (slow).

Vanquished Creatures
  4 adders (D:2)
  An ufetubus (D:2)
  A dart slug (D:1)
  5 endoplasms
  3 giant cockroaches (D:1)
  7 hobgoblins
  2 quokkas
  A ball python (D:1)
  4 bats
  4 frilled lizards
  2 goblins (D:1)
  3 kobolds
  20 rats (D:2)
57 creatures vanquished.

Notes
Turn   | Place    | Note
-------+----------+-------------------------------------------
     0 | D:1      | KennySheep the Deep Elf Hexslinger began the quest for the
                  | Orb.
     0 | D:1      | Reached XP level 1. HP: 11/11 MP: 5/5
     2 | D:1      | Noticed a vampire
     2 | D:1      | Noticed an armataur
     4 | D:1      | Noticed a demonspawn
     4 | D:1      | Noticed a meteoran
     6 | D:1      | Noticed a draconian
     6 | D:1      | Noticed a tengu
     8 | D:1      | Noticed a minotaur
    10 | D:1      | Noticed a merfolk
    10 | D:1      | Noticed a felid
    12 | D:1      | Noticed a ghoul
    12 | D:1      | Noticed a troll
    14 | D:1      | Noticed an elf
    14 | D:1      | Noticed a formicid
    16 | D:1      | Noticed an octopode
    16 | D:1      | Noticed a demigod
    18 | D:1      | Noticed a spriggan
    18 | D:1      | Noticed a vine stalker
    22 | D:1      | Noticed a gargoyle
    22 | D:1      | Noticed a naga
    24 | D:1      | Noticed a human
    24 | D:1      | Noticed a spriggan
    26 | D:1      | Noticed a human
   234 | D:1      | Reached skill level 1 in Fighting
   234 | D:1      | Reached XP level 2. HP: 16/16 MP: 4/6
   892 | D:2      | Reached skill level 1 in Stealth
   892 | D:2      | Reached XP level 3. HP: 20/20 MP: 1/7
  1014 | D:2      | Learned a level 3 spell: Portal Projectile
  1100 | D:2      | Identified the +1 robe of Gravity {+Blink}
  1192 | D:2      | Reached XP level 4. HP: 19/25 MP: 9/9
  1437 | D:2      | Slain by a hobgoblin

Illustrated notes

Levels and vault maps discovered:
D:1:      kb_arrival_jail, layout_loops_ring
D:2:      layout_rooms, minmay_rat_hole

Skill      XL: |  1  2  3  4 |
---------------+-------------+-----
Fighting       | 1 |  1.4
Ranged Weapons | 3 |  3.9
Stealth        | 1 |  1.6
Spellcasting   | 2 |  2.2
Dodging        | 3 |  3.0
Hexes          | |  4.9

Action                   |  1- 3 |  4- 6 || total
-------------------------+-------+-------++-------
 Fire: Sling             |   117 |    42 ||   159
 Cast: Slow              |    14 |     4 ||    18
Armor: Robe              |    14 |     6 ||    20
Dodge: Dodged            |    41 |    24 ||    65

Table legend: (Time is in decaauts)
 A = Elapsed time spent in this place.
 B = Non-inter-level travel time spent in this place.
 C = Inter-level travel time spent in this place.
 D = Time resting spent in this place.
 E = Time spent auto-exploring this place.
 F = Levels seen in this place.
 G = Mean time per level.
                   A        B        C        D        E       F      G
               +--------+--------+--------+--------+--------+-----+--------+
         Total |   1473 |   1465 |      8 |     55 |   1076 |   2 |  736.5 |
       Dungeon |   1473 |   1465 |      8 |     55 |   1076 |   2 |  736.5 |
               +--------+--------+--------+--------+--------+-----+--------+

Top non-repeatable levels by time:
     D:1: 889 daAuts
     D:2: 583 daAuts
